 Dungeon Crawl Stone Soup version 0.22-a0-284-g99d1f74 (webtiles) character file.

98340 Amnesiac the Sorcerer (level 15, -5/82 HPs)
             Began as a Deep Elf Wizard on Mar 21, 2018.
             Was a High Priest of Sif Muna.
             Killed from afar by a white imp (6 damage)
             ... with a puff of frost
             ... on level 15 of the Dungeon.
             The game lasted 01:00:06 (23606 turns).

Amnesiac the Sorcerer (Deep Elf Wizard)            Turns: 23606, Time: 01:00:07

Health: -5/82      AC: 10    Str:  4    XL:     15   Next: 74%
Magic:  13/45      EV: 14    Int: 33    God:    Sif Muna [*****.]
Gold:   1350       SH:  5    Dex: 13    Spells: 24/63 levels left

rFire    + . .     SeeInvis +   a - staff of air
rCold    . . .     Gourm    .   p - +0 buckler
rNeg     . . .     Faith    .   I - +2 robe {rF+}
rPois    .         Spirit   .   K - +2 helmet {SInv}
rElec    +         Reflect  .   F - +0 cloak {+Inv}
rCorr    .         Harm     +   (no gloves)
MR       +....                  M - +0 pair of boots
Stlth    +.........             w - amulet of harm
HPRegen  0.23/turn              r - +1 ring of protection
MPRegen  0.29/turn              D - +3 ring of intelligence

@: contaminated, glowing, divine energy
A: hooves 1
a: Stop Divine Energy, Channel Magic, Forget Spell, Renounce Religion, Evoke
Invisibility


You were on level 15 of the Dungeon.
You worshipped Sif Muna.
Sif Muna was extremely pleased with you.
You were not hungry.

You visited 3 branches of the dungeon, and saw 18 of its levels.
You also visited: Labyrinth.

You collected 1350 gold pieces.

Inventory:

Hand Weapons
 b - a +2 short sword of venom
Armour
 p - a +0 buckler (worn)
 F - a +0 cloak of invisibility (worn)
 I - a +2 robe of fire resistance (worn)
 K - a +2 helmet of see invisible (worn)
 M - a +0 pair of boots (worn)
 U - a +2 shield of protection
Magical Staves
 a - an uncursed staff of air (weapon)
Jewellery
 c - a +1 ring of protection
 n - an uncursed amulet of the acrobat
 r - a +1 ring of protection (left hand)
 w - an amulet of harm (around neck)
 y - an uncursed ring of see invisible
 D - a +3 ring of intelligence (right hand)
 H - an uncursed ring of resist corrosion {unknown}
 O - an uncursed ring of ice {unknown}
 Q - an uncursed ring of protection from fire {unknown}
 R - an uncursed ring of ice {unknown}
 T - the ring "Kuhebb" {SInv Stlth-, unknown}
   (You found it in a labyrinth)

   [ring of loudness]

   It lets you see invisible.
   It makes you less stealthy.
Wands
 h - a wand of paralysis (14)
 s - a wand of digging (24)
 x - a wand of flame (139)
 J - a wand of iceblast (14)
 L - a wand of random effects (53)
 P - a wand of polymorph (18)
 S - a wand of clouds (3)
Scrolls
 f - 2 scrolls of enchant weapon {!r}
 g - 7 scrolls of identify {!r}
 i - 9 scrolls of remove curse {!r}
 j - 3 scrolls of enchant armour {!r}
 k - a scroll of amnesia {!r}
 l - 2 scrolls of teleportation {!r}
 o - a scroll of magic mapping {!r}
 B - 4 scrolls of fear {!r}
Potions
 e - 2 potions of brilliance {!q}
 m - 5 potions of curing {!q}
 q - 2 potions of flight {!q}
 t - a potion of magic {!q}
 v - a potion of cancellation {!q}
 A - 3 potions of mutation {!q}
 C - 3 potions of lignification {!q}
 G - 2 potions of might {!q}
Miscellaneous
 V - a phial of floods
Comestibles
 d - 31 rations


   Skills:
 - Level 5.0 Fighting
 - Level 5.0 Dodging
 - Level 2.4 Stealth
 - Level 4.1 Shields
 + Level 24.9 Spellcasting
 - Level 8.0 Conjurations
 - Level 4.0 Charms
 - Level 1.1 Summonings
 - Level 4.0 Necromancy
 - Level 4.0 Translocations
 - Level 4.1 Transmutations
 - Level 4.0 Air Magic
 - Level 8.5 Invocations


You had 24 spell levels left.
You knew the following spells:

 Your Spells              Type           Power        Failure   Level  Hunger
a - Bolt of Draining      Conj/Necr      ######....   1%          5    None
b - Call Imp              Summ           #####...     1%          2    None
c - Deflect Missiles      Chrm/Air       #######...   19%         6    None
d - Lightning Bolt        Conj/Air       #######...   1%          5    None
e - Mephitic Cloud        Conj/Pois/Air  #######.     1%          3    None
f - Airstrike             Air            #######...   1%          4    None
g - Irradiate             Conj/Tmut      ######....   1%          5    None
h - Apportation           Tloc           ######       1%          1    None
r - Regeneration          Chrm/Necr      ######....   1%          3    None
s - Conjure Flame         Conj/Fire      ######..     1%          3    None
v - Blink                 Tloc           N/A          1%          2    None


Dungeon Overview and Level Annotations

Branches:
Dungeon (15/15)            Temple (1/1) D:6            Lair (0/6) D:8
    Orc (2/2) D:10            Elf (0/3) Orc:2        Vaults (0/5) D:14
 Depths (0/5) D:15

Altars:
Gozag
Hepliaklqana
Nemelex Xobeh
Qazlal
Ru
Sif Muna
Uskayaw
Vehumet
Xom
Yredelemnul
The Shining One
Beogh

Shops:
D:9 !   Orc:2 [*?%

Portals:
Ice
Cave: D:15


Innate Abilities, Weirdness & Mutations

You have large cloven feet.


Message History

The white imp gestures at you. The puff of frost hits you!
* * * LOW HITPOINT WARNING * * *
The slime creature quivers.
A cyan ugly thing comes into view.
The cyan ugly thing gurgles horribly!
The white imp gestures at you. You deflect the puff of frost!
The white imp gestures at you. You deflect the puff of frost!
The slime creature hits you but does no damage.
The slime creature quivers.
The cyan ugly thing kicks you.
* * * LOW HITPOINT WARNING * * *
The cyan ugly thing shocks you. You resist.
* * * LOW HITPOINT WARNING * * *
The white imp gestures at you. You deflect the puff of frost!
The white imp gestures at you. The puff of frost misses you.
Two slime creatures merge to form a large slime creature.
Really read
B - 5 scrolls of fear {!r}?
As you read the scroll of fear {!r}, it crumbles to dust.
You assume a fearsome visage.
The white imp is unaffected.
The large slime creature looks frightened!
The white imp is unaffected. x2; The slime creature looks frightened!
The cyan ugly thing looks frightened!
The red ugly thing looks frightened!
The cyan ugly thing looks frightened!
The cyan ugly thing basks in your mutagenic energy and changes!
The white imp shouts, "Turn tail, thou pottle-deep flat-headed pignut!"
The white imp gestures at you. You deflect the puff of frost!
The white imp hits you but does no damage.
The white imp gestures at you. You deflect the puff of frost!
The white imp gestures at you. The puff of frost hits you!
The white imp gestures at you. You deflect the puff of frost!
The white imp gestures at you. You deflect the puff of frost!
The white imp gestures at you. The puff of frost misses you.
The white imp gestures at you. The puff of frost hits you!
* * * LOW HITPOINT WARNING * * *
Okay, then.
Okay, then.
The white imp gestures at you. The puff of frost hits you!
The skeletal warrior hits you from afar with a glaive!!
* * * LOW HITPOINT WARNING * * *
Unknown command.
The white imp gestures at you. You deflect the puff of frost!
You feel less protected from missiles.
There is a frozen archway here.
Things that are here:
a giant club; a giant spiked club; a two-headed ogre corpse The white imp gestures at you.
You block the puff of frost. The white imp gestures at you.
The puff of frost hits you!
You die...

#.......J..# ##
#.......z..# #.
#..........# #.
#########.##### #.
#.....z.J## #.
###.#......########z
##...................
#.........J......u...
#.).@..u.............
#...)................
#.z55.....u..........
#.#5##...............
#..5.....u...........
######...............
#....J..........
#...............
#######.........


You could see 3 ugly things, 2 skeletal warriors, 3 slime creatures and 4 white
imps.

Vanquished Creatures
  Kirke (D:13)
  An orc warlord (Orc:2)
  5 reapers (D:14)
  A minotaur (Lab)
  An ogre mage (D:15)
  2 hydras
  4 vault guards (D:14)
  3 centaur warriors (D:14)
  14 two-headed ogres
  Urug (D:12)
  5 orc high priests
  5 slime creatures
  Nergalle (Orc:1)
  5 unseen horrors
  3 orc knights (Orc:2)
  4 ugly things
  A manticore (D:14)
  5 orc sorcerers
  2 cyclopes
  A centaur zombie (D:14)
  5 centaur skeletons
  An efreet (D:13)
  A kobold demonologist (D:13)
  4 guardian mummies (D:14)
  9 trolls
  3 hornets
  3 hippogriffs
  A redback (Lab)
  2 wyverns
  11 yaks
  A vampire (D:15)
  5 hogs
  3 humans
  Grum (D:9)
  A fire elemental (D:14)
  A hungry ghost (D:11)
  A harpy simulacrum (D:15)
  3 wargs
  2 water moccasins
  49 orc warriors
  3 ice beasts
  3 black bears
  4 phantoms
  4 sky beasts
  4 eyes of draining
  4 necrophages
  18 centaurs
  31 ogres
  2 crocodiles
  4 wolves
  5 big kobolds
  A wyvern zombie (D:7)
  4 gnoll sergeants
  8 bullfrogs
  8 scorpions
  2 wyvern skeletons
  10 killer bees
  2 spriggan skeletons (Lab)
  5 wights (D:13)
  8 electric eels
  5 howler monkeys
  7 crimson imps
  2 bullfrog zombies (D:11)
  5 jellies
  2 bullfrog skeletons
  10 hounds
  37 orc priests
  30 orc wizards
  Crazy Yiuf (D:5)
  3 iguanas
  12 worker ants
  2 ogre skeletons (Lab)
  A hound zombie (D:7)
  4 mummies (D:14)
  A hound skeleton (D:9)
  A howler monkey zombie (D:10)
  11 gnolls
  13 adders
  3 shadow imps
  8 white imps (D:15)
  2 adder skeletons
  An adder zombie (D:5)
  6 worms
  12 dart slugs
  5 leopard geckos
  128 orcs
  2 giant cockroaches
  7 goblins
  6 hobgoblins
  4 jackals
  6 quokkas
  A ball python (D:7)
  9 bats
  2 frilled lizards (D:1)
  A jackal skeleton (D:5)
  24 kobolds
  7 rats
683 creatures vanquished.

Vanquished Creatures (others)
  An orc wizard (D:10)
  A giant cockroach (D:5)
  A quokka (D:5)
3 creatures vanquished.

Grand Total: 686 creatures vanquished

Notes
Turn   | Place    | Note
-------+----------+-------------------------------------------
     0 | D:1      | Amnesiac the Deep Elf Wizard began the quest for the Orb.
     0 | D:1      | Reached XP level 1. HP: 10/10 MP: 7/7
   157 | D:1      | Reached XP level 2. HP: 15/15 MP: 3/9
   161 | D:1      | Learned a level 2 spell: Blink
   164 | D:1      | Learned a level 2 spell: Call Imp
   908 | D:2      | Reached XP level 3. HP: 15/19 MP: 11/11
   916 | D:2      | Learned a level 3 spell: Conjure Flame
   920 | D:2      | Learned a level 3 spell: Mephitic Cloud
  1326 | D:2      | Reached XP level 4. HP: 24/24 MP: 5/12
  1659 | D:3      | Reached skill level 1 in Shields
  2005 | D:3      | Reached XP level 5. HP: 13/28 MP: 10/13
  2211 | D:3      | Reached skill level 1 in Fighting
  2701 | D:4      | Reached XP level 6. HP: 7/35 MP: 2/14
  3207 | D:4      | Reached XP level 7. HP: 40/40 MP: 15/15
  3452 | D:5      | Entered Level 5 of the Dungeon
  3601 | D:5      | Got a distressingly furry plate armour
  3771 | D:5      | Found a runed door.
  4628 | D:5      | Noticed Crazy Yiuf
  4636 | D:5      | Killed Crazy Yiuf
  4655 | D:5      | Identified the +8 plate armour "Vublapti" {Int+2} (You found it on level 5 of the Dungeon)
  4711 | D:6      | Reached XP level 8. HP: 37/48 MP: 16/16
  4926 | D:6      | Reached skill level 5 in Fighting
  5033 | D:6      | Found a hide-covered altar of Uskayaw.
  5034 | D:6      | Found a hazy altar of Hepliaklqana.
  5067 | D:6      | Reached skill level 5 in Dodging
  5114 | D:6      | Found a staircase to the Ecumenical Temple.
  5121 | Temple   | Entered the Ecumenical Temple
  5159 | Temple   | Became a worshipper of Sif Muna the Loreminder
  5294 | D:6      | Reached skill level 5 in Spellcasting
  5294 | D:6      | Reached skill level 5 in Conjurations
  5438 | D:6      | Found a shimmering altar of Xom.
  5545 | D:6      | Found a glowing golden altar of the Shining One.
  5598 | D:7      | Found a transporter.
  5612 | D:7      | Found a transporter.
  5684 | D:7      | Reached skill level 6 in Spellcasting
  5693 | D:7      | Reached * piety under Sif Muna
  5850 | D:7      | Reached XP level 9. HP: 48/54 MP: 1/21
  5960 | D:7      | Reached skill level 7 in Spellcasting
  6047 | D:7      | Reached skill level 8 in Spellcasting
  6173 | D:7      | Reached ** piety under Sif Muna
  6345 | D:7      | Reached skill level 9 in Spellcasting
  6420 | D:7      | You fall through a shaft for 3 floors!
  6420 | D:10     | Entered Level 10 of the Dungeon
  6668 | D:9      | Noticed Grum
  6681 | D:9      | Reached skill level 10 in Spellcasting
  6694 | D:9      | Killed Grum
  6705 | D:9      | Reached skill level 11 in Spellcasting
  7124 | D:8      | Reached skill level 12 in Spellcasting
  7124 | D:8      | Reached XP level 10. HP: 54/59 MP: 8/28
  7186 | D:8      | Reached *** piety under Sif Muna
  7860 | D:8      | Reached skill level 13 in Spellcasting
  7905 | D:8      | Learned a level 3 spell: Regeneration
  8145 | D:8      | Found an opulent altar of Gozag.
  8457 | D:8      | Found a staircase to the Lair.
  8975 | D:9      | Reached skill level 14 in Spellcasting
  9153 | D:9      | Reached **** piety under Sif Muna
  9210 | D:9      | Found a radiant altar of Vehumet.
  9341 | D:9      | Reached skill level 15 in Spellcasting
  9477 | D:9      | Learned a level 5 spell: Lightning Bolt
  9814 | D:9      | Found Ziekunwo's Distillery.
  9935 | D:10     | Reached skill level 1 in Air Magic
  9984 | D:10     | Noticed a two-headed ogre
  9995 | D:10     | Killed a two-headed ogre
  9995 | D:10     | Reached XP level 11. HP: 49/63 MP: 15/32
 10110 | D:10     | Reached skill level 1 in Charms
 10117 | D:10     | Reached skill level 1 in Necromancy
 10290 | D:10     | Found a staircase to the Orcish Mines.
 10381 | D:10     | Reached ***** piety under Sif Muna
 10618 | D:10     | Received a gift from Sif Muna
 10709 | D:10     | Noticed an unseen horror
 10711 | D:10     | Killed an unseen horror
 10776 | D:10     | Found a roughly hewn altar of Beogh.
 10954 | Orc:1    | Entered Level 1 of the Orcish Mines
 10954 | Orc:1    | Noticed an orc sorcerer
 10955 | Orc:1    | Killed an orc sorcerer
 11733 | Orc:2    | Entered Level 2 of the Orcish Mines
 11734 | Orc:2    | Reached skill level 1 in Invocations
 11887 | Orc:2    | Noticed a two-headed ogre
 12006 | Orc:2    | Noticed a two-headed ogre
 12011 | Orc:2    | Killed a two-headed ogre
 12011 | Orc:2    | Reached skill level 16 in Spellcasting
 12096 | Orc:2    | Learned a level 4 spell: Airstrike
 12584 | Orc:2    | Killed a two-headed ogre
 12735 | Orc:2    | Noticed a two-headed ogre
 12739 | Orc:2    | Killed a two-headed ogre
 13328 | Orc:2    | Reached skill level 17 in Spellcasting
 13458 | Orc:2    | Reached XP level 12. HP: 68/68 MP: 22/35
 13460 | Orc:2    | Noticed a two-headed ogre
 13468 | Orc:2    | Killed a two-headed ogre
 13896 | Orc:2    | Noticed a two-headed ogre
 13902 | Orc:2    | Killed a two-headed ogre
 13902 | Orc:2    | Reached skill level 5 in Invocations
 14149 | Orc:2    | Identified Sif Muna's Reference Book on Harmful Ignition (Sif Muna gifted it to you on level 2 of the Orcish Mines)
 14149 | Orc:2    | Received a gift from Sif Muna
 14514 | Orc:2    | Found a staircase to the Elven Halls.
 14749 | Orc:2    | Noticed an orc warlord
 15136 | Orc:2    | Reached skill level 18 in Spellcasting
 15250 | Orc:2    | Learned a level 5 spell: Bolt of Draining
 15331 | Orc:2    | Killed an orc warlord
 15674 | Orc:2    | Found a roughly hewn altar of Beogh.
 15701 | Orc:2    | Noticed an orc high priest
 15701 | Orc:2    | Found Xoirchyvi's General Store.
 15718 | Orc:2    | Killed an orc high priest
 15906 | Orc:2    | Noticed an orc high priest
 16093 | Orc:2    | Killed an orc high priest
 16224 | Orc:2    | Noticed an orc high priest
 16226 | Orc:2    | Killed an orc high priest
 16384 | Orc:2    | Noticed an orc high priest
 16536 | Orc:2    | Killed an orc high priest
 16599 | Orc:2    | Found Uguffekk's Armour Emporium.
 16716 | Orc:1    | Noticed an orc high priest
 16718 | Orc:1    | Killed an orc high priest
 16724 | Orc:1    | Noticed Nergalle
 16736 | Orc:1    | Killed Nergalle
 16736 | Orc:1    | Reached skill level 19 in Spellcasting
 17011 | Orc:2    | Reached XP level 13. HP: 72/72 MP: 27/38
 17038 | Orc:2    | Found a roughly hewn altar of Beogh.
 17228 | Orc:2    | Found Ygingul's Food Boutique.
 17309 | Orc:2    | Found Kuifius's Magic Scroll Shop.
 17938 | D:11     | Reached skill level 20 in Spellcasting
 18409 | D:11     | Found a hazy altar of Hepliaklqana.
 18446 | D:11     | Identified Lehudib's Guide on Arcane Weapons (Sif Muna gifted it to you on level 11 of the Dungeon)
 18446 | D:11     | Received a gift from Sif Muna
 19136 | D:12     | Learned a level 6 spell: Deflect Missiles
 19274 | D:12     | Noticed Urug
 19278 | D:12     | Killed Urug
 19476 | D:12     | Got a slimy dagger
 19747 | D:12     | Identified the cursed +3 dagger "Veholl" {protect, rC- MR+ Dex+4} (You found it on level 12 of the Dungeon)
 19788 | D:13     | Reached skill level 21 in Spellcasting
 20238 | D:13     | Noticed Kirke
 20255 | D:13     | Killed Kirke
 20632 | D:13     | Reached skill level 22 in Spellcasting
 21371 | D:14     | Found a sacrificial altar of Ru.
 21380 | D:14     | Identified Sif Muna's Guide on Confrontation (Sif Muna gifted it to you on level 14 of the Dungeon)
 21380 | D:14     | Received a gift from Sif Muna
 21380 | D:14     | Reached XP level 14. HP: 74/78 MP: 13/42
 21388 | D:14     | Learned a level 5 spell: Irradiate
 21616 | D:14     | Reached skill level 1 in Transmutations
 22727 | D:14     | Found a gate to the Vaults.
 22731 | D:14     | Reached skill level 23 in Spellcasting
 22890 | D:14     | Noticed a reaper
 22890 | D:14     | Noticed a reaper
 22890 | D:14     | Noticed a reaper
 22890 | D:14     | Noticed a reaper
 22890 | D:14     | Noticed a reaper
 22947 | D:14     | Killed a reaper
 22961 | D:14     | Killed a reaper
 23023 | D:14     | Killed a reaper
 23029 | D:14     | Killed a reaper
 23034 | D:14     | Killed a reaper
 23034 | D:14     | Identified Sif Muna's Handbook of Attacks (Sif Muna gifted it to you on level 14 of the Dungeon)
 23034 | D:14     | Received a gift from Sif Muna
 23142 | D:15     | Entered Level 15 of the Dungeon
 23296 | D:14     | Reached skill level 24 in Spellcasting
 23296 | D:14     | Reached XP level 15. HP: 39/81 MP: 25/45
 23335 | D:15     | Found a labyrinth entrance.
 23344 | Lab      | Entered a labyrinth
 23447 | Lab      | Learned a level 1 spell: Apportation
 23512 | Lab      | Got a transparent steel ring
 23526 | D:15     | HP: 2/81 [skeletal warrior/dire flail[a skeletal warrior] (21)]
 23533 | D:15     | Found a frozen archway.
 23567 | D:15     | Gained mutation: You have large cloven feet. [mutagenic glow]
 23604 | D:15     | HP: 1/82 [skeletal warrior/glaive[a skeletal warrior] (22)]
 23606 | D:15     | Killed from afar by a white imp

Vault maps used:
D:1:      dpeg_arrival_more_subterranean_lakeside_camping, minmay_door_square
D:4:      kennysheep_slugbush, first_ration, hangedman_abyss_or_decor_stagger,
          hangedman_decor_peaks_small
D:5:      lemuel_flamethrower_2, uniq_crazy_yiuf_cottage
D:6:      xom_teletrap_fun, tso_altar, grunt_temple_overflow_open,
          minmay_temple_entry_nine_rooms
D:7:      gammafunk_steamed_eel, minmay_item_behind_shaft
D:8:      erik_lair_island, basic_altar
D:9:      serial_shops, kennysheep_mini_moat, grunt_livestock,
          vehumet_altar_wand_db, uniq_grum
D:10:     kennysheep_orc_monster_closet_entryway, special_room
D:11:     basic_altar, kennysheep_generic_room_16
D:12:     uniq_urug
D:13:     uniq_kirke
D:14:     lightli_vaults_fourway_checkpoint, nicolae_ru_awakened_eye,
          nicolae_lava_and_water, minmay_guarded_unrand_curses
D:15:     gammafunk_depths_entry_grave, lab_entry_generic,
          portal_ice_cave_entry_imps
Temple:   dpeg_five_rooms_temple
Orc:1:    uniq_nergalle
Orc:2:    pubby_orc_utopia, serial_shops
Lab:      labyrinth_hidden_loot, nicolae_lab_x, labyrinth_fake_exit,
          nicolae_lab_quarters, nicolae_lab_flowing_pool, nicolae_lab_starburst,
          lab_hedge

Skill      XL: |  1  2  3  4  5  6  7  8  9 10 11 12 13 14 |
---------------+-------------------------------------------+-----
Conjurations   | 2 3 4 7 8 |  8.0
Shields        | 1 2 4 |  4.1
Fighting       | 1 2 4 5 |  5.0
Dodging        | 4 5 |  5.0
Spellcasting   | 6 12 15 17 19 22 24 | 24.9
Air Magic      | 3 4 |  4.0
Charms         | 4 |  4.0
Necromancy     | 4 |  4.0
Translocations | 4 |  4.0
Invocations    | 4 8 |  8.5
Transmutations | 4 |  4.1
Stealth        | |  2.4
Summonings     | |  1.1

Action                   |  1- 3 |  4- 6 |  7- 9 | 10-12 | 13-15 || total
-------------------------+-------+-------+-------+-------+-------++-------
Melee: Short sword       |    22 |    44 |   193 |   215 |       ||   474
       Staff             |       |       |       |       |     8 ||     8
 Cast: Magic Dart        |    71 |   147 |   219 |   243 |       ||   680
       Conjure Flame     |     1 |       |    25 |    30 |     2 ||    58
       Mephitic Cloud    |       |     7 |    22 |    18 |       ||    47
       Blink             |       |       |     4 |     9 |       ||    13
       Airstrike         |       |       |       |   103 |     4 ||   107
       Lightning Bolt    |       |       |       |   131 |    85 ||   216
       Bolt of Draining  |       |       |       |    64 |   225 ||   289
       Deflect Missiles  |       |       |       |       |     3 ||     3
       Regeneration      |       |       |       |       |     6 ||     6
       Irradiate         |       |       |       |       |     7 ||     7
       Apportation       |       |       |       |       |     1 ||     1
Invok: Divine Energy     |       |       |     1 |       |       ||     1
       Channel Magic     |       |       |       |     2 |     2 ||     4
Evoke: Wand              |       |       |       |     1 |     4 ||     5
  Use: Scroll            |       |     2 |       |    15 |    13 ||    30
       Potion            |       |     2 |       |     1 |     4 ||     7
 Stab: Sleeping          |     1 |     1 |     3 |       |       ||     5
       Confused          |       |     1 |     7 |     1 |       ||     9
  Eat: Chunk             |     1 |     6 |    13 |    28 |    18 ||    66
       Ration            |       |       |       |     1 |     1 ||     2
Armor: Robe              |     4 |     2 |    36 |    75 |    20 ||   137
Dodge: Dodged            |    29 |    29 |   118 |   234 |    60 ||   470
       Deflected         |       |       |       |       |    19 ||    19
Block: Buckler           |       |     4 |    55 |    77 |    25 ||   161

Table legend:
 A = Spawn XP
 B = Non-spawn XP
 C = Spawn XP percentage of total XP
 D = Spawn monster count
 E = Non-spawn monster count
 F = Spawn count percentage of total count
 G = Total turns spent on level
                    A         B        C        D         E        F      G
               +---------+---------+-------+---------+---------+-------+---------
         Total |       0 |   94387 |   0.0 |       0 |     682 |   0.0 | 23606
               +---------+---------+-------+---------+---------+-------+---------
           D:1 |       0 |      32 |   0.0 |       0 |      19 |   0.0 |   751
           D:2 |       0 |      74 |   0.0 |       0 |      20 |   0.0 |   708
           D:3 |       0 |     134 |   0.0 |       0 |      25 |   0.0 |   943
           D:4 |       0 |     548 |   0.0 |       0 |      33 |   0.0 |  1050
           D:5 |       0 |     611 |   0.0 |       0 |      18 |   0.0 |  1238
           D:6 |       0 |     817 |   0.0 |       0 |      14 |   0.0 |   822
           D:7 |       0 |    2052 |   0.0 |       0 |      42 |   0.0 |  1178
           D:8 |       0 |    2242 |   0.0 |       0 |      35 |   0.0 |  1483
           D:9 |       0 |    3352 |   0.0 |       0 |      31 |   0.0 |  1520
          D:10 |       0 |    5348 |   0.0 |       0 |      68 |   0.0 |  1583
          D:11 |       0 |    5894 |   0.0 |       0 |      32 |   0.0 |  1096
          D:12 |       0 |    4619 |   0.0 |       0 |      26 |   0.0 |  1127
          D:13 |       0 |   11848 |   0.0 |       0 |      60 |   0.0 |  1750
          D:14 |       0 |   24156 |   0.0 |       0 |      54 |   0.0 |  1664
          D:15 |       0 |    5660 |   0.0 |       0 |      26 |   0.0 |   252
         Orc:1 |       0 |    3545 |   0.0 |       0 |      31 |   0.0 |  1018
         Orc:2 |       0 |   21850 |   0.0 |       0 |     142 |   0.0 |  5179
           Lab |       0 |    1605 |   0.0 |       0 |       6 |   0.0 |   176
               +---------+---------+-------+---------+---------+-------+---------
